 Dungeon Crawl Stone Soup version 0.32-a0-131-g9dbbe29261 (webtiles) character file.

Game seed: 8216888589251874136

2947 Newt the Fighter (level 9, -1/78 HPs)
             Began as a Barachi Fighter on Feb 8, 2024.
             Was a Priest of Okawaru.
             Succumbed to Erica's bolt of poison
             ... on level 8 of the Dungeon.
             The game lasted 00:10:42 (8907 turns).

Newt the Fighter (Barachi Fighter)                  Turns: 8907, Time: 00:10:42

Health: -1/78      AC: 14    Str: 21    XL:     9   Next: 80%
Magic:  1/9        EV:  5    Int:  9    God:    Okawaru [***...]
Gold:   302        SH:  4    Dex: 12    Spells: 8/8 levels left

rFire   . . .        i - +1 whip (venom)
rCold   . . .        c - +0 buckler
rNeg    + . .        r - +2 chain mail {rN+}
rPois   .            o - +0 helmet
rElec   .            (no cloak)
rCorr   .            (no gloves)
SInv    .            A - +0 pair of boots
Will    +....        q - amulet of guardian spirit Stlth
                     B - ring of wizardry
HPRegen 0.33/turn    (no ring)
MPRegen 0.11/turn

%: guardian spirit, wizardry (x1)
@: brilliant, lethally poisoned (-1 -> -22), enlightened, flying, constricted,
slow
A: amphibious, slowness 1, strong legs 1, +LOS
a: Hop, Renounce Religion, Heroism


You were on level 8 of the Dungeon.
You worshipped Okawaru.
Okawaru was most pleased with you.
You visited 2 branches of the dungeon, and saw 9 of its levels.

You collected 302 gold pieces.

Inventory:

Hand Weapons
 a - a +0 long sword
 i - a +1 whip of venom (weapon)
Missiles
 g - 6 boomerangs
 k - a poisoned dart (quivered)
 u - 3 javelins
 v - a curare-tipped dart
Armour
 b - a +1 scale mail
 c - a +0 buckler (worn)
 o - a +0 helmet (worn)
 r - a +2 chain mail of positive energy (worn)
 A - a +0 pair of boots (worn)
Jewellery
 m - a ring of ice
 q - an amulet of guardian spirit (around neck)
 B - a ring of wizardry (left hand)
Wands
 w - a wand of light (5)
 y - a wand of flame (30)
Scrolls
 e - 2 scrolls of enchant armour
 f - 4 scrolls of teleportation
 n - 2 scrolls of fear
 s - a scroll of revelation
Potions
 d - 2 potions of might
 h - 2 potions of haste
 j - 2 potions of berserk rage
 l - a potion of magic
 p - a potion of resistance
 t - 2 potions of mutation
 z - 2 potions of attraction


   Skills:
 + Level 9.9 Fighting
 - Level 3.8 Long Blades
 * Level 6.1 Maces & Flails
 - Level 7.6 Throwing
 - Level 6.0 Armour
 - Level 3.2 Shields


You had 8 spell levels left.
You didn't know any spells.
Your spell library contained the following spells:

 Spells                   Type           Power      Damage    Failure   Level
 Jinxbite                 Hex            0%         N/A       86%         2
 Lesser Beckoning         Tloc           0%         N/A       86%         2
 Mercury Vapours          Alch/Air       0%         N/A       86%         2
 Scorch                   Fire           0%         2d5       86%         2
 Gell's Gravitas          Tloc           0%         N/A       97%         3
 Mephitic Cloud           Conj/Alch/Air  0%         N/A       97%         3
 Teleport Other           Tloc           0%         N/A       97%         3
 Cause Fear               Hex            0%         N/A       100%        4
 Sticky Flame             Fire/Alch      0%         2d4       100%        4
 Fireball                 Conj/Fire      0%         3d3       100%        5
 Freezing Cloud           Conj/Ice/Air   0%         6-21      100%        5
 Yara's Violent Unravell  Hex/Alch       0%         3d3       100%        5
 Eringya's Noxious Bog    Alch           0%         4d6       100%        6
 Plasma Beam              Fire/Air       0%         2x1d10    100%        6
 Enfeeble                 Hex            0%         N/A       100%        7
 Dragon's Call            Summ           Unusable   N/A       N/A         9

Dungeon Overview and Level Annotations

Branches:
Dungeon (8/15)             Temple (1/1) D:5
   Lair: D:8-11

Altars:
Ashenzari
Dithmenos
Elyvilon
Fedhas
Gozag
Hepliaklqana
Kikubaaqudgha
Makhleb
Nemelex Xobeh
Okawaru
Qazlal
Ru
Sif Muna
Trog
Uskayaw
Vehumet
Wu Jian
Xom
Yredelemnul
Zin
The Shining One

Shops:
D:1 =

Annotations:
D:8 Erica


Innate Abilities, Weirdness & Mutations

You are amphibious.
You cover ground slowly.
You can hop short distances.
You have an extended range of vision and can be seen from far away.


Message History

You feel very sick.
Erica stares at you and mumbles some strange words.
The bolt of poison hits you!!
You are more poisoned.
Erica constricts you.
You hit Erica.
Erica is severely wounded.
You feel extremely sick.
Erica hits you with a +0 scimitar of flaming.
* * * LOW HITPOINT WARNING * * *
Erica burns you.
* * * LOW HITPOINT WARNING * * *
Erica constricts you.
* * * LOW HITPOINT WARNING * * *
Unknown command.
Okay, then.
Aiming: Bolt of Light
Press: ? - help, Shift-Dir - straight line, f/p - Erica
Aim: Erica, wielding a +0 scimitar of flaming and wearing a ring of resist corrosion (severely wounded, constricting you, extremely poisoned, 60% to hit)
The bolt of light hits Erica!
Erica is almost dead.
Erica is blinded.
* * * LOW HITPOINT WARNING * * *
You feel extremely sick.
Erica mumbles some strange words.
Erica flickers and vanishes!
Deactivating autopickup; reactivate with Ctrl-A.
You are constricted.
Unknown command.
It was a potion of brilliance.
You feel clever all of a sudden.
* * * LOW HITPOINT WARNING * * *
You feel very sick. Something hits you but does no damage.
You are constricted.
Press: ? - help, v - describe, . - travel The floor.
It was a potion of enlightenment.
You feel very buoyant.
You fly up into the air.
You die...

####+#.#.####.# $((..(
...#.#.#.# #.# ......
##.#.#.### #.# ##.....
#.#.#.# #.# ......
#.#.#.### #.# ..(.#
#.......# #.# .(..#
###.#+#'## #.# (...#
#......# #.###{...####
#......# #...@........
#......#######...[####
####......)........#.....
..........########.# ####
.......####### .#
.............# .#
.............# #
.###.#..<....# .#
#.#.......#


There were no monsters in sight!

Vanquished Creatures
  Grum (D:8)
  A water moccasin (D:6)
  2 ice beasts
  2 orc warriors (D:7)
  2 black bears
  2 sky beasts (D:7)
  An ogre (D:5)
  3 wolves (D:8)
  3 centaurs
  A phantom (D:5)
  3 bullfrogs
  A kobold brigand (D:6)
  2 scorpions
  A bombardier beetle (D:7)
  4 hounds
  2 jellies
  3 orc priests
  4 iguanas
  A sleepcap (D:7)
  Terence (D:3)
  8 orc wizards
  Robin (D:2)
  8 adders
  A shadow imp (D:4)
  3 white imps
  6 ufetubi
  A dart slug (D:1)
  3 ribbon worms
  20 orcs
  10 ball pythons
  11 endoplasms
  3 giant cockroaches
  22 goblins
  13 hobgoblins
  8 jackals
  6 kobolds
  A quokka (D:2)
  5 bats
  4 frilled lizards
  8 rats
182 creatures vanquished.

Notes
Turn   | Place    | Note
-------+----------+-------------------------------------------
     0 | D:1      | Newt the Barachi Fighter began the quest for the Orb.
     0 | D:1      | Reached XP level 1. HP: 18/18 MP: 1/1
   104 | D:1      | Found Vuesm's Jewellery Emporium.
   190 | D:1      | Reached XP level 2. HP: 22/25 MP: 2/2
   302 | D:1      | Reached skill level 4 in Fighting
   468 | D:1      | Reached XP level 3. HP: 27/30 MP: 3/3
   931 | D:2      | Found a hide-covered altar of Uskayaw.
  1003 | D:2      | Reached skill level 1 in Maces & Flails
  1204 | D:2      | Reached XP level 4. HP: 30/38 MP: 4/4
  1416 | D:2      | Noticed Robin
  1453 | D:2      | Killed Robin
  2144 | D:3      | Noticed a black bear
  2159 | D:3      | Killed a black bear
  2160 | D:3      | Reached skill level 5 in Fighting
  2160 | D:3      | Reached XP level 5. HP: 38/44 MP: 5/5
  2347 | D:3      | Noticed Terence
  2359 | D:3      | Killed Terence
  2360 | D:3      | Reached XP level 6. HP: 40/51 MP: 2/6
  2680 | D:3      | Found a burning altar of Makhleb.
  3510 | D:5      | Entered Level 5 of the Dungeon
  3510 | D:5      | Noticed a black bear
  3605 | D:4      | Killed a black bear
  3606 | D:4      | Reached skill level 6 in Fighting
  3606 | D:4      | Reached skill level 5 in Armour
  3606 | D:4      | Reached XP level 7. HP: 45/58 MP: 4/7
  3740 | D:5      | Found a staircase to the Ecumenical Temple.
  3766 | Temple   | Entered the Ecumenical Temple
  3778 | Temple   | Became a worshipper of Warmaster Okawaru
  3970 | D:5      | Reached skill level 1 in Throwing
  4159 | D:5      | Reached skill level 7 in Fighting
  4203 | D:5      | Found a hide-covered altar of Uskayaw.
  4214 | D:5      | Found a shimmering blue altar of Sif Muna.
  4319 | D:5      | Reached XP level 8. HP: 67/67 MP: 6/8
  4864 | D:6      | Reached * piety under Okawaru
  5150 | D:6      | HP: 3/68 [poisoned by a water moccasin]
  5153 | D:6      | HP: 1/68 [poisoned by a water moccasin]
  5455 | D:6      | Reached skill level 5 in Throwing
  5753 | D:6      | Reached skill level 8 in Fighting
  6127 | D:6      | Reached ** piety under Okawaru
  6473 | D:6      | Reached XP level 9. HP: 70/75 MP: 7/9
  6755 | D:7      | Found a shadowy altar of Dithmenos.
  7220 | D:7      | Reached skill level 9 in Fighting
  7626 | D:7      | Found a white marble altar of Elyvilon.
  7626 | D:7      | Found a glowing golden altar of the Shining One.
  7627 | D:7      | Found an ornate altar of the Wu Jian Council.
  7642 | D:7      | Got the Elucidation of the Burn and Formulae
  8397 | D:8      | Reached skill level 5 in Maces & Flails
  8509 | D:8      | Reached *** piety under Okawaru
  8609 | D:8      | Noticed Grum
  8629 | D:8      | Killed Grum
  8886 | D:8      | Noticed Erica
  8906 | D:8      | HP: 3/78 [poisoned by Erica (bolt of poison)]
  8907 | D:8      | Succumbed to Erica's bolt of poison

Illustrated notes

Levels and vault maps discovered:
D:1:      lemuel_arrival_room, layout_basic, serial_shops, shop
D:2:      layout_loops_corners, basic_altar, nicolae_half_adder, uniq_robin
D:3:      layout_basic, mainiacjoe_overflow_six_doors_small, uniq_terence
D:4:      layout_loops_ring
D:5:      layout_gridville, mainiacjoe_overflow_large_starburst,
          minmay_temple_entry_proselytizer, st_stairs_14
D:6:      layout_cave_pods, nicolae_water_bricks
D:7:      layout_loops_corners, grunt_dithmenos_smoke,
          nicolae_overflow_hidden_temple
D:8:      layout_basic, uniq_pikel, uniq_erica, uniq_grum
Temple:   minmay_temple_curvy_branch

Skill      XL: |  1  2  3  4  5  6  7  8  9 |
---------------+----------------------------+-----
Long Blades    | 3 |  3.8
Fighting       | 4 5 6 7 8 9 |  9.9
Maces & Flails | 1 3 4 6 |  6.1
Armour         | 5 6 |  6.0
Throwing       | 3 6 7 |  7.6
Shields        | |  3.2

Action                     |  1- 3 |  4- 6 |  7- 9 || total
---------------------------+-------+-------+-------++-------
  Melee: Long sword        |    73 |       |       ||    73
         Whip              |    48 |   213 |   461 ||   722
  Throw: Dart              |       |     3 |    13 ||    16
 Invoke: Heroism           |       |       |     1 ||     1
Ability: Hop               |       |       |     1 ||     1
  Evoke: Wand              |       |       |     1 ||     1
    Use: Scroll            |       |    12 |     4 ||    16
         Potion            |       |       |     3 ||     3
 Armour: Scale mail        |    75 |   150 |    13 ||   238
         Chain mail        |       |       |   413 ||   413
  Dodge: Dodged            |    46 |    90 |   137 ||   273
  Block: Buckler           |    27 |    47 |    97 ||   171

Table legend: (Time is in decaauts)
 A = Elapsed time spent in this place.
 B = Non-inter-level travel time spent in this place.
 C = Inter-level travel time spent in this place.
 D = Time resting spent in this place.
 E = Time spent auto-exploring this place.
 F = Levels seen in this place.
 G = Mean time per level.
                   A        B        C        D        E       F      G
               +--------+--------+--------+--------+--------+-----+--------+
         Total |   9949 |   9513 |    436 |   1562 |   6294 |   9 | 1105.4 |
       Dungeon |   9909 |   9500 |    409 |   1562 |   6294 |   8 | 1238.6 |
        Temple |     40 |     13 |     27 |      0 |      0 |   1 |   40.0 |
               +--------+--------+--------+--------+--------+-----+--------+

Top non-repeatable levels by time:
     D:6: 1966 daAuts
     D:5: 1554 daAuts
     D:7: 1503 daAuts
     D:2: 1249 daAuts
     D:1: 1088 daAuts
     D:4: 996 daAuts
     D:3: 835 daAuts
     D:8: 715 daAuts
  Temple: 40 daAuts
